 Dungeon Crawl Stone Soup version 0.30-a0-778-g2ef04afb54 (webtiles) character file.

Game seed: 3592741840364040742

1145 vineage the Fighter (level 8, -3/55 HPs)
             Began as a Gargoyle Fighter on Feb 16, 2023.
             Killed by divine providence
             ... invoked by an orc priest
              (12 damage)
             ... on level 5 of the Dungeon.
             The game lasted 00:06:00 (4787 turns).

vineage the Fighter (Gargoyle Fighter)              Turns: 4787, Time: 00:06:01

Health: -3/55      AC: 18    Str: 23    XL:     8   Next: 37%
Magic:  8/8        EV:  6    Int:  8    God:
Gold:   353        SH:  4    Dex:  9    Spells: 7/7 levels left

rFire   . . .      SeeInvis .    k - +1 flail (holy)
rCold   . . .      Faith    .    c - +0 buckler
rNeg    + . .      Spirit   .    f - +0 plate armour
rPois   ∞          Reflect  .    (no helmet)
rElec   +          Harm     .    (no cloak)
rCorr   .          Rampage  .    o - +0 pair of gloves
Will    .....                    (no boots) Stlth
                                 (no amulet)
HPRegen 0.29/turn                (no ring)
MPRegen 0.11/turn                (no ring)

@: mighty
A: sickness immunity, AC +5, negative energy resistance 1, electricity
resistance, torment resistance 1, petrification resistance
a: no special abilities


You were on level 5 of the Dungeon.
You visited 1 branch of the dungeon, and saw 5 of its levels.
You also visited: Sewer.

You collected 353 gold pieces.

Inventory:

Hand Weapons
 a - a +0 flail
 k - a +1 flail of holy wrath (weapon)
Armour
 c - a +0 buckler (worn)
 f - a +0 plate armour (worn)
 o - a +0 pair of gloves (worn)
Jewellery
 m - a ring of magical power
Wands
 b - a wand of mindburst (13)
Scrolls
 l - 2 scrolls of teleportation
Potions
 d - a potion of might
 e - a potion of resistance
 g - a potion of haste
 h - a potion of mutation
 i - 2 potions of attraction
 j - a potion of flight {unknown}
 n - 2 potions of cancellation {unknown}


   Skills:
 * Level 8.6 Fighting
 + Level 5.2 Maces & Flails
 + Level 4.5 Armour
 + Level 4.5 Shields


You had 7 spell levels left.
You didn't know any spells.
Your spell library contained the following spells:

 Spells                   Type           Power      Damage    Failure   Level
 Foxfire                  Conj/Fire      0%         2x1d4     100%        1
 Dazzling Flash           Conj/Hex       0%         N/A       100%        3
 Ozocubu's Armour         Ice            0%         N/A       100%        3
 Portal Projectile        Hex/Tloc       0%         N/A       100%        3
 Stone Arrow              Conj/Erth      0%         3d7       100%        3
 Tukima's Dance           Hex            0%         N/A       100%        3
 Animate Armour           Summ/Erth      0%         N/A       100%        4
 Iskenderun's Mystic Bla  Conj/Tloc      0%         2d3       100%        4
 Blade Hands              Tmut           0%         N/A       100%        5
 Fireball                 Conj/Fire      0%         3d3       100%        5
 Starburst                Conj/Fire      0%         6d3       100%        6
 Ozocubu's Refrigeration  Ice            0%         4d7       100%        7
 Lehudib's Crystal Spear  Conj/Erth      0%         10d2      100%        8


Dungeon Overview and Level Annotations

Branches:
Dungeon (5/15)              Sewer (visited)
 Temple: D:4-7

Altars:
Qazlal

Shops:
D:5 *

Annotations:
D:5 Prince Ribbit


Innate Abilities, Weirdness & Mutations

You are immune to sickness and miasma.
Your stone body is resilient. (AC +5)
You are immune to poison.
You resist negative energy. (rN+)
You are resistant to electric shocks. (rElec)
You are resistant to unholy torment.
You are immune to petrification.


Message History

You are too injured to fight recklessly!
You are too injured to fight recklessly!
You are too injured to fight recklessly!
You are too injured to fight recklessly!
You are too injured to fight recklessly!
You are too injured to fight recklessly!
You are too injured to fight recklessly!
You are too injured to fight recklessly!
You are too injured to fight recklessly!
You are too injured to fight recklessly!
You are too injured to fight recklessly!
You are too injured to fight recklessly!
You are too injured to fight recklessly!
The orc wizard attacks as you move away!
The orc wizard barely misses you.
The orc priest casts a cantrip, but nothing happens.
You are too injured to fight recklessly!
You feel very mighty all of a sudden.
The orc wizard hits you but does no damage.
The orc priest looks satisfied for a moment.
You closely miss the orc wizard.
The orc wizard hits you with a +0 dagger.
You barely miss the orc wizard.
The orc wizard casts a spell.
The orc wizard flickers and vanishes!
Deactivating autopickup; reactivate with Ctrl-A.
The orc priest looks encouraged for a moment.
You miss something. Something hits you but does no damage.
You sock something! Something hits you but does no damage.
The orc priest mumbles some strange prayers to Beogh against you.
Beogh smites you!
* * * LOW HITPOINT WARNING * * *
Something hits you but does no damage.
You miss something. Something hits you but does no damage.
You sock something!
Reactivating autopickup.
You feel a bit more experienced.
The orc priest mumbles some strange prayers to Beogh against you.
Beogh smites you!
You die...

#..#.....................##
#..#......o..............#.
#..########..............#.
#.........#..............##
#.........###o#.....###)##.
#.........#...#.....+......
###'####..##..#.....#......
#....###..##o.#.....#......
#.....#...@)oo#.....#......
#.....#...##..#.....#######
#.....#...##..#.....#...##.
#.....'...†...#.....#...#..
#.....#.......#.....#...#..
#....###'###..'.....#...#..
#....###..##..#.....#...#..
#.........##..#.....###..#.
#.........##..##'##....####


You could see 2 orc priests and an orc.

Vanquished Creatures
  A steam dragon (D:5)
  Edmund (D:5)
  Blork the orc (D:5)
  2 bullfrogs (Sewer)
  A necrophage (D:5)
  3 scorpions
  A hound (D:5)
  Terence (D:3)
  An orc wizard (D:5)
  An iguana (D:4)
  10 gnolls
  12 adders
  A white imp (D:5)
  An ufetubus (D:5)
  4 worms
  4 dart slugs
  2 orcs
  7 ball pythons
  6 endoplasms
  17 giant cockroaches
  8 goblins
  11 hobgoblins
  4 jackals (D:1)
  16 quokkas
  8 bats
  9 frilled lizards
  8 kobolds
  7 rats
148 creatures vanquished.

Vanquished Creatures (others)
  21 plants (D:1)
21 creatures vanquished.

Grand Total: 169 creatures vanquished

Notes
Turn   | Place    | Note
-------+----------+-------------------------------------------
     0 | D:1      | vineage the Gargoyle Fighter began the quest for the Orb.
     0 | D:1      | Reached XP level 1. HP: 14/14 MP: 1/1
   123 | D:1      | Found a faded altar of an unknown god.
   128 | D:1      | Reached XP level 2. HP: 20/20 MP: 2/2
   213 | D:1      | Reached skill level 4 in Fighting
   363 | D:1      | Reached XP level 3. HP: 16/24 MP: 3/3
   900 | D:1      | Reached XP level 4. HP: 30/30 MP: 4/4
  1096 | D:2      | Reached skill level 5 in Fighting
  1555 | D:2      | Found a stormy altar of Qazlal.
  1628 | D:2      | Reached XP level 5. HP: 35/35 MP: 5/5
  1784 | D:3      | Noticed Terence
  1791 | D:3      | Killed Terence
  2064 | D:3      | Found a glowing drain.
  2105 | Sewer    | Entered a sewer
  2133 | Sewer    | Reached skill level 6 in Fighting
  2307 | Sewer    | Reached XP level 6. HP: 41/41 MP: 6/6
  2424 | Sewer    | HP: 2/42 [bullfrog (2)]
  2625 | D:3      | Reached skill level 7 in Fighting
  2971 | D:4      | Reached XP level 7. HP: 47/48 MP: 7/7
  3495 | D:5      | Entered Level 5 of the Dungeon
  3778 | D:5      | Found Vufyfoac's Assorted Antiques.
  3952 | D:5      | Noticed Blork the orc
  3963 | D:5      | Killed Blork the orc
  3964 | D:5      | Reached skill level 8 in Fighting
  4065 | D:5      | Reached XP level 8. HP: 50/54 MP: 8/8
  4106 | D:5      | Noticed Edmund
  4118 | D:5      | Killed Edmund
  4119 | D:5      | Reached skill level 5 in Maces & Flails
  4215 | D:5      | Noticed Prince Ribbit
  4787 | D:5      | Killed from afar by an orc priest

Illustrated notes

Levels and vault maps discovered:
D:1:      dpeg_arrival_orchard, layout_rooms, serial_bayou,
          serial_bayou_lagoon_a, serial_bayou_shore_a, serial_bayou_pond_c,
          serial_bayou_pond_b, ebering_ecumenical_altar_abandoned, st_stairs_4,
          minmay_octomino_e4
D:2:      layout_basic, basic_altar, minmay_ruptured
D:3:      layout_basic, gup_sewer_entry_pipe, uniq_terence
D:4:      layout_basic, minmay_door_square
D:5:      layout_gridville, serial_shops, nicolae_shop_stone,
          uniq_prince_ribbit1, uniq_blork_the_orc, uniq_edmund

Skill      XL: |  1  2  3  4  5  6  7  8 |
---------------+-------------------------+-----
Fighting       | 4 5 6 7 8 |  8.6
Maces & Flails | 3 4 5 |  5.2
Armour         | 4 |  4.5
Shields        | 4 |  4.5

Action                     |  1- 3 |  4- 6 |  7- 9 || total
---------------------------+-------+-------+-------++-------
  Melee: Flail             |   137 |   316 |   171 ||   624
    Use: Scroll            |     2 |     8 |     4 ||    14
         Potion            |       |     3 |     1 ||     4
 Armour: Scale mail        |    89 |   216 |       ||   305
         Plate armour      |       |    12 |   161 ||   173
  Dodge: Dodged            |    77 |   188 |    81 ||   346
  Block: Buckler           |    31 |    68 |    43 ||   142

Table legend: (Time is in decaauts)
 A = Elapsed time spent in this place.
 B = Non-inter-level travel time spent in this place.
 C = Inter-level travel time spent in this place.
 D = Time resting spent in this place.
 E = Time spent auto-exploring this place.
 F = Levels seen in this place.
 G = Mean time per level.
                   A        B        C        D        E       F      G
               +--------+--------+--------+--------+--------+-----+--------+
         Total |   5018 |   4891 |    127 |    609 |   2982 |   6 |  836.3 |
       Dungeon |   4558 |   4431 |    127 |    591 |   2842 |   5 |  911.6 |
         Sewer |    459 |    459 |      0 |     18 |    139 |   1 |  459.0 |
               +--------+--------+--------+--------+--------+-----+--------+

Top non-repeatable levels by time:
     D:5: 1224 daAuts
     D:1: 997 daAuts
     D:2: 814 daAuts
     D:3: 769 daAuts
     D:4: 751 daAuts
   Sewer: 459 daAuts
